 Dungeon Crawl Stone Soup version 0.31.0-11-ge490571c62 (webtiles) character file.

Game seed: 11211360746902294057

251 ezpacito the Chopper (level 5, -3/42 HPs)
             Began as a Demonspawn Berserker on Jan 31, 2024.
             Was a Believer of Trog.
             Killed by divine providence
             ... invoked by an orc priest
              (10 damage)
             ... on level 3 of the Dungeon.
             The game lasted 00:04:50 (2868 turns).

ezpacito the Chopper (Demonspawn Berserker)         Turns: 2868, Time: 00:04:51

Health: -3/42      AC:  7    Str: 15 (16) XL:     5   Next: 88%
Magic:  5/5        EV: 10    Int:  3 (6)  God:    Trog [**....]
Gold:   128        SH:  0    Dex: 16 (19) Spells: 4/4 levels left

rFire   + . .        k - +1 hand axe (flame)
rCold   . . .        (no shield)
rNeg    . . .        o - +0 scale mail
rPois   .            i - +0 helmet
rElec   .            (no cloak)
rCorr   .            (no gloves)
SInv    .            (no boots)
Will    +....        (no amulet)
Stlth   +            (no ring)
HPRegen 0.27/turn    (no ring)
MPRegen 0.09/turn

%: no passive effects
@: enlightened, flying, hasted, very quick
A: demonic guardian 1, spiny 1, agile 1, fire resistance 1, evolution 1
a: Renounce Religion, Berserk, Trog's Hand


You were on level 3 of the Dungeon.
You worshipped Trog.
Trog was pleased with you.
You visited 1 branch of the dungeon, and saw 3 of its levels.

You collected 128 gold pieces.

Inventory:

Hand Weapons
 k - a +1 hand axe of flaming (weapon)
 n - a +0 sling
Missiles
 a - 2 javelins
 e - 38 stones (quivered)
 f - 3 poisoned darts
 t - 3 boomerangs
Armour
 i - a +0 helmet (worn)
 o - a +0 scale mail (worn)
Jewellery
 j - a ring of fire
Wands
 s - a wand of flame (4)
 u - a wand of iceblast (10)
Scrolls
 h - 2 scrolls of vulnerability
 l - a scroll of enchant weapon {unknown}
 m - a scroll of revelation {unknown}
 q - a scroll of amnesia {unknown}
 r - a scroll of teleportation {unknown}
Potions
 c - a potion of enlightenment
 d - a potion of mutation


   Skills:
 * Level 4.0 Fighting
 * Level 4.2 Axes
 * Level 2.4 Armour
 * Level 2.6 Dodging
 * Level 1.4 Stealth
 * Level 1.1 Unarmed Combat


You had 4 spell levels left.
You didn't know any spells.
Your spell library contained the following spells:

 Spells                   Type           Power      Damage    Failure   Level
 Slow                     Hex            0%         N/A       93%         1
 Confusing Touch          Hex            0%         N/A       100%        3
 Dazzling Flash           Conj/Hex       0%         N/A       100%        3
 Mephitic Cloud           Conj/Alch/Air  0%         N/A       100%        3
 Sigil of Binding         Hex            0%         N/A       100%        3
 Vampiric Draining        Necr           0%         2d6       100%        3
 Curse of Agony           Necr           0%         N/A       100%        5
 Silence                  Hex/Air        0%         N/A       100%        5


Dungeon Overview and Level Annotations

Branches:
Dungeon (3/15)

Altars:

Annotations:
D:3 1 transporter


Innate Abilities, Weirdness & Mutations

A weak demonic guardian rushes to your aid.
You are partially covered in sharp spines.
You are agile. (Dex +4, Str/Int -1)
Your flesh is heat resistant. (rF+)
You have hidden genetic potential.


Message History

There are no items here.
Okay, then.
You open the door. The shadow imp gestures at you.
Pain shoots through your body!
A demonic guardian appears!
The shadow imp gestures at you. Pain shoots through your body!
There is an open door here.
As you read the scroll of fear, it crumbles to dust.
You assume a fearsome visage.
The orc priest looks frightened!
The shadow imp looks frightened! x2; The orc priest looks frightened!
The shadow imp looks frightened!
It was a potion of enlightenment.
You feel very buoyant.
You fly up into the air.
Cornered, the orc priest turns to fight!
The orc priest calls down the wrath of Beogh upon you.
Beogh smites you!
Cornered, the shadow imp turns to fight!
Cornered, the orc priest turns to fight!
It was a potion of mutation.
You feel extremely strange.
You feel a hidden potential growing inside you.
You feel resistant to heat.
You feel agile.
Cornered, the shadow imp turns to fight!
It was a potion of haste.
You feel yourself speed up.
The orc priest mumbles some strange prayers to Beogh against you.
Beogh smites you!
* * * LOW HITPOINT WARNING * * *
A demonic guardian appears!
Okay, then.
It was a potion of degeneration.
There was something very wrong with that liquid.
You feel weakened.
You feel dopey.
You feel clumsy.
The orc priest casts a cantrip, but nothing happens.
Cornered, the shadow imp turns to fight!
The shadow imp is struck by your spines.
The shadow imp barely misses you.
The orc priest calls down the wrath of Beogh upon you.
Beogh smites you!
You die...

##...#......[#.....©.............
#....#.......#.#########.........
....##.#.....#.#8P.©.P8#.........
...##..#.###.#.#P.....P#..#######
..##.........#.####'####..######
###..........#.#.≈...≈.#..##...##
.............#.#.≈5..≈.#..##.....
.#..).......##.#.≈~~~≈.#..##.....
.#..))......##.#@≈~⌠~≈o#.........
.#..).÷.....##.#5≈~~~≈5#.###.....
.#..))......##.#.≈...≈.#.#......>
.#..........##.#o≈..5≈5#.........
............##.####+####.........
............##.#~..$..~#.........
.)).........##.#8P$©$P8#........#
....#####...##.#########........#
....# ######.....©............#


You could see 2 orc priests, 3 shadow imps and 2 friendly shadow imps.

Vanquished Creatures
  An ogre (D:3)
  Ijyb (D:3)
  Robin (D:3)
  4 adders
  A ribbon worm (D:3)
  A dart slug (D:1)
  6 orcs (D:3)
  7 ball pythons
  An endoplasm (D:2)
  3 giant cockroaches
  11 goblins
  8 hobgoblins
  4 jackals (D:1)
  2 quokkas
  2 frilled lizards
  6 kobolds
  5 rats
64 creatures vanquished.

Vanquished Creatures (collateral kills)
  A gnoll (D:1)
  A dart slug (D:1)
  A goblin (D:2)
  A frilled lizard (D:2)
4 creatures vanquished.

Grand Total: 68 creatures vanquished

Notes
Turn   | Place    | Note
-------+----------+-------------------------------------------
     0 | D:1      | ezpacito the Demonspawn Berserker began the quest for the
                  | Orb.
     0 | D:1      | Reached XP level 1. HP: 18/18 MP: 1/1
   172 | D:1      | Gained mutation: A weak demonic guardian rushes to your
                  | aid. [demonic ancestry]
   172 | D:1      | Reached XP level 2. HP: 16/24 MP: 2/2
   210 | D:1      | HP: 1/24 [gnoll/+0 flail (9)]
   446 | D:1      | Reached XP level 3. HP: 26/29 MP: 3/3
   910 | D:2      | Reached ** piety under Trog
  1430 | D:2      | Reached XP level 4. HP: 29/35 MP: 4/4
  1938 | D:3      | Noticed an ogre
  2027 | D:3      | Killed an ogre
  2028 | D:3      | Reached skill level 1 in Stealth
  2028 | D:3      | Reached skill level 1 in Unarmed Combat
  2028 | D:3      | Gained mutation: You are partially covered in sharp spines.
                  | [demonic ancestry]
  2028 | D:3      | Reached XP level 5. HP: 42/42 MP: 5/5
  2197 | D:3      | Found a transporter.
  2203 | D:3      | Found a transporter.
  2489 | D:3      | Noticed Robin
  2490 | D:3      | Noticed Ijyb
  2502 | D:3      | Killed Ijyb
  2503 | D:3      | Killed Robin
  2726 | D:3      | Found a faded altar of an unknown god.
  2866 | D:3      | Gained mutation: You have hidden genetic potential. [potion
                  | of mutation]
  2866 | D:3      | Gained mutation: Your flesh is heat resistant. (rF+)
                  | [potion of mutation]
  2866 | D:3      | Gained mutation: You are agile. (Dex +4, Str/Int -1)
                  | [potion of mutation]
  2868 | D:3      | Killed from afar by an orc priest

Illustrated notes

Levels and vault maps discovered:
D:1:      kennysheep_arrival_seaside, layout_basic, minmay_ruptured
D:2:      layout_basic
D:3:      gammafunk_wand_slinger, layout_basic,
          shapermc_ecumenical_altar_starsandcircs, nrook_uturn,
          grunt_decor_one_mirror, hangedman_decor_growths,
          dreamdust_princess_corridor, nicolae_goblin_pals

Skill      XL: |  1  2  3  4  5 |
---------------+----------------+-----
Axes           | 3 4 |  4.2
Armour         | 2 |  2.4
Dodging        | 2 |  2.6
Stealth        | 1 |  1.4
Unarmed Combat | 1 |  1.1
Fighting       | 4 |  4.0

Action                     |  1- 3 |  4- 6 || total
---------------------------+-------+-------++-------
  Melee: Hand axe          |    85 |    76 ||   161
         Punch             |     2 |     1 ||     3
 Invoke: Berserk           |     1 |     2 ||     3
         Trog's Hand       |       |     1 ||     1
    Use: Scroll            |     2 |     2 ||     4
         Potion            |     1 |     4 ||     5
 Armour: Animal skin       |    54 |    27 ||    81
         Skin              |     5 |       ||     5
         Scale mail        |       |    23 ||    23
  Dodge: Dodged            |    53 |    46 ||    99
